 Dungeon Crawl Stone Soup version 0.28-a0-172-g787e458d71 (webtiles) character file.

Game seed: 14651662746866866034

22 omnomnOMINOUS the Magician (level 2, -1/18 HPs)
             Began as an Octopode Hedge Wizard on Aug 17, 2021.
             Slain by Natasha (4 damage)
             ... on level 2 of the Dungeon.
             The game lasted 00:03:56 (1494 turns).

omnomnOMINOUS the Magician (Octopode Hedge Wizard)  Turns: 1494, Time: 00:03:58

Health: -1/18      AC:  1    Str:  9    XL:     2   Next: 91%
Magic:  5/6        EV: 13    Int: 22    God:
Gold:   56         SH:  0    Dex: 11    Spells: 4/7 levels left

rFire   . . .      SeeInvis .   a - +1 spear
rCold   . . .      Faith    .   (no shield)
rNeg    . . .      Spirit   .   b - +0 hat
rPois   .          Reflect  .   (no amulet)
rElec   .          Harm     .   g - +6 ring of intelligence
rCorr   .          Rampage  .   h - ring of flight
Will    .....                   (no ring)
Stlth   +++.......              (no ring)
HPRegen 0.06/turn               (no ring)
MPRegen 0.10/turn               (no ring)
                                (no ring)
                                (no ring)

@: flying, slowed, very slow
A: almost no armour, amphibious, 8 rings, camouflage 1, gelatinous body 1,
(nimble swimmer 1), tentacles
a: no special abilities


You were on level 2 of the Dungeon.
You visited 1 branch of the dungeon, and saw 2 of its levels.

You collected 56 gold pieces.

Inventory:

Hand Weapons
 a - a +1 spear (weapon)
 d - a +0 dagger
Armour
 b - a +0 hat (worn)
Jewellery
 g - a +6 ring of intelligence (left tentacle)
 h - a ring of flight (right tentacle)
Scrolls
 c - a scroll of amnesia
 e - 2 scrolls of enchant weapon
 f - a scroll of identify
 i - a scroll of enchant armour {unknown}


   Skills:
 + Level 0.9 Fighting
 + Level 2.2 Dodging
 - Level 2.6 Stealth
 + Level 3.1 Spellcasting
 * Level 1.8 Conjurations
 - Level 1.0 Summonings
 - Level 1.0 Translocations


You had 4 spell levels left.
You knew the following spells:

 Your Spells              Type           Power      Damage    Failure   Level
a - Magic Dart            Conj           44%        1d5       5%          1
b - Blink                 Tloc           N/A        N/A       12%         2

Your spell library contained the following spells:

 Spells                   Type           Power      Damage    Failure   Level
 Call Imp                 Summ           7%         N/A       12%         2
 Slow                     Hex            3%         N/A       19%         2
 Conjure Flame            Conj/Fire      7%         6-21      26%         3
 Mephitic Cloud           Conj/Pois/Air  6%         N/A       28%         3
 Ozocubu's Armour         Ice            3%         N/A       36%         3
 Metabolic Englaciation   Hex/Ice        1%         N/A       98%         5
 Simulacrum               Ice/Necr       1%         N/A       100%        6


Dungeon Overview and Level Annotations

Branches:
Dungeon (2/15)

Altars:

Shops:
D:1 [

Annotations:
D:2 Jessica, Natasha


Innate Abilities, Weirdness & Mutations

You cannot wear most types of armour.
You are amphibious.
You can wear up to eight rings at the same time.
Your skin changes colour to match your surroundings (Stealth+).
Your rubbery body absorbs attacks. (AC +1, EV +1)
((You are camouflaged near water. (Stealth+)))
You have tentacles for arms and can constrict up to eight enemies at once.


Message History

As you read the scroll labelled GUENANG NEUMM, it crumbles to dust.
It is a scroll of enchant weapon.
Your +0 spear glows red for a moment.
Jessica mumbles some strange words.
Jessica seems to speed up.
You barely miss Natasha. You grab Natasha. Your squeeze misses Natasha.
You constrict Natasha. Natasha closely misses you.
Jessica hits you with a +0 dagger. Natasha closely misses you.
You hit Jessica. You grab Jessica.
Jessica is severely wounded.
You constrict Natasha.
You constrict Jessica, but do no damage.
Jessica closely misses you. Jessica barely misses you. Natasha claws you!
Jessica hits you with a +0 dagger.
Unknown command.
You aren't carrying any potions.
Casting: Magic Dart (safe; 5% risk of failure)
Confirm with . or Enter, or press ? or * to list all spells.
Aiming: Magic Dart (safe; 5% risk of failure)
Press: ? - help, Shift-Dir - straight line, f - Jessica
Aim: Jessica, wielding a +0 dagger and wearing a +0 robe (severely wounded, constricted by you, fast, 100% to hit)
The magic dart hits Jessica.
Jessica is almost dead.
You constrict Natasha.
You constrict Jessica, but do no damage.
Natasha barely misses you. Jessica hits you with a +0 dagger.
* * * LOW HITPOINT WARNING * * *
Natasha claws you but does no damage.
Jessica gestures wildly while chanting.
Jessica blinks free!
Unknown command.
As you read the scroll labelled GAW JOESOP, it crumbles to dust.
It is a scroll of identify.
c - a scroll of amnesia You constrict Natasha, but do no damage.
Jessica gestures wildly while chanting.
Jessica blinks!
Natasha growls.
Natasha claws you.
You die...

....$####.######
.................
##.......@........
..#...............
##.................
...................
#.........†.......
#.........@h......
#..........§...§.. ...
##................. ...#
................... ..#
.##...........######..##
..............###......##
##..........#............
#.........)...#.......#.
#..........##<..........


You could see Natasha and Jessica (fast).

Vanquished Creatures
  A dart slug (D:1)
  3 ball pythons (D:1)
  4 bats
  An endoplasm (D:1)
  A giant cockroach (D:2)
  A goblin (D:1)
  A hobgoblin (D:1)
  3 kobolds
  A frilled lizard (D:1)
  2 rats
18 creatures vanquished.

Notes
Turn   | Place    | Note
-------+----------+-------------------------------------------
     0 | D:1      | omnomnOMINOUS the Octopode Hedge Wizard began the quest for
                  | the Orb.
     0 | D:1      | Reached XP level 1. HP: 11/11 MP: 4/4
   238 | D:1      | Reached XP level 2. HP: 6/18 MP: 6/6
   241 | D:1      | Learned a level 2 spell: Blink
  1279 | D:1      | Found Dory's Armour Boutique.
  1487 | D:2      | Noticed Natasha
  1487 | D:2      | Noticed Jessica
  1494 | D:2      | Slain by Natasha

Illustrated notes

Levels and vault maps discovered:
D:1:      wheals_arrival_shading, layout_basic, serial_shops,
          nicolae_shop_temple_entry_statues_fountains, minmay_cut_off
D:2:      layout_rooms, basic_ecumenical_altar, minmay_goblin_outpost,
          uniq_natasha, uniq_jessica, uniq_crazy_yiuf_cottage

Action                   || total
-------------------------++-------
Melee: Spear             ||    28
       Constrict         ||     5
 Cast: Magic Dart        ||    19
  Use: Scroll            ||     2
 Stab: Sleeping          ||     3
Armor: Skin              ||     2
Dodge: Dodged            ||    24

Table legend: (Time is in decaauts)
 A = Elapsed time spent in this place.
 B = Non-inter-level travel time spent in this place.
 C = Inter-level travel time spent in this place.
 D = Time resting spent in this place.
 E = Time spent auto-exploring this place.
 F = Levels seen in this place.
 G = Mean time per level.
                   A        B        C        D        E       F      G
               +--------+--------+--------+--------+--------+-----+--------+
         Total |   1496 |   1457 |     39 |    622 |    663 |   2 |  748.0 |
       Dungeon |   1496 |   1457 |     39 |    622 |    663 |   2 |  748.0 |
               +--------+--------+--------+--------+--------+-----+--------+

Top non-repeatable levels by time:
     D:1: 1395 daAuts
     D:2: 101 daAuts
